Map: Shadowed Jungle

Players

Grimmgor

  • Race: Terran Terran
  • League: Diamond
  • Spawn Location: 1:00

shinaitsuky

  • Race: Zerg Zerg
  • League: Gold
  • Spawn Location: 11:00

Loken

  • Race: Protoss Protoss
  • League: Platinum
  • Spawn Location: 7:00

dallaskuken

  • Race: Protoss Protoss
  • League: Platinum
  • Spawn Location: 5:00

VOD

Have the link to the VOD?

Description

Time

  • Played on: April 6, 2017, 7:49 p.m.
  • Length: 8:56
Show
View Real Time Build Order
Export as new Build Order

Grimmgor Terran 

Build Orders:  

Get SALT Encoding   

  12  0:09  Supply Depot  
  12  0:32  Barracks  
  12  0:37  Refinery  
  12  0:49  Barracks  
  12  1:16  Barracks  
  12  1:20  Reaper  
  12  1:25  SCV  
  14  1:38  Reaper  
  15  1:44  Refinery  
  15  1:50  SCV  
  16  1:57  Reaper  
  17  2:06  SCV  
  18  2:18  Reaper  
  19  2:34  Reaper x2  
  20  3:09  Orbital Command  
  20  3:10  Reaper x2  
  20  3:11  Reaper  
  22  3:41  SCV  
  22  3:42  Reaper  
  22  3:46  Reaper  
  22  3:49  Reaper  
  22  3:53  SCV  
  22  3:54  Supply Depot  
  23  4:16  SCV  
  25  4:21  Barracks Reactor  
  25  4:22  Barracks Tech Lab  
  24  4:44  Marine  
  26  4:59  Marine x2, SCV  
  29  5:01  Barracks Reactor  
  29  5:05  Factory  
  28  5:07  Supply Depot  
  28  5:11  SCV  
  29  5:23  SCV  
  29  5:26  Marine  
  31  5:28  Marine, Command Center  
  31  5:35  SCV  
  32  5:51  Marine x2  
  32  5:52  Marine x2  
  34  6:08  Marine, SCV  
  34  6:09  Marine x2  
  38  6:11  Engineering Bay  
  38  6:16  Starport  
  38  6:20  SCV  
  39  6:42  Marine x4  
  39  6:43  Marine  
  39  6:44  SCV, Stimpack  
  39  6:46  Factory Reactor  
  45  6:48  Terran Infantry Weapons Level 1  
  45  6:56  SCV  
  45  6:57  Starport Reactor  
  46  7:01  Missile Turret  
  46  7:03  Missile Turret  
  46  7:13  Orbital Command, SCV  
  47  7:16  Marine x3  
  50  7:29  SCV  
  51  7:33  Marine, Supply Depot  
  51  7:34  Marauder  
  54  7:54  Marine x2, Widow Mine x2  
  54  7:55  Medivac  
  54  7:58  Supply Depot  
  62  8:13  Marine x2, SCV  
  62  8:14  Marauder  
  62  8:15  Marine  
  62  8:17  Supply Depot  
  68  8:20  SCV  
  68  8:26  Supply Depot, SCV  
  70  8:35  Marine x3  
  70  8:36  Marine  
Show
View Real Time Build Order
Export as new Build Order

shinaitsuky Zerg 

Build Orders: Pool First 

Get SALT Encoding   

  12  0:25  Spawning Pool  
  11  0:31  Drone x2  
  11  0:32  Drone  
  11  0:35  Extractor  
  13  1:06  Drone  
  13  1:10  Overlord  
  14  1:15  Overlord  
  14  1:29  Zergling x4  
  16  1:40  Zergling x2  
  16  1:43  Queen  
  19  1:53  Zergling x2  
  20  2:10  Hatchery  
  19  2:23  Zergling x6  
  19  2:29  Metabolic Boost  
  22  2:37  Zergling x2  
  20  3:02  Zergling x4  
  21  3:09  Zergling x4  
  21  3:10  Zergling x2  
  24  3:20  Zergling x2  
  23  3:39  Zergling x8  
  23  3:40  Zergling x6  
  28  4:01  Zergling x6  
  28  4:02  Zergling x2  
  31  4:07  Queen  
  31  4:09  Zergling x2  
  34  4:18  Zergling x4  
  33  4:47  Zergling x8  
  35  4:57  Overlord x4  
  29  5:09  Zergling x4  
  29  5:10  Zergling x4  
  33  5:40  Baneling Nest, Drone x5  
  37  5:57  Zergling x6  
  38  6:31  Zergling x2  
  38  6:32  Zergling x16  
  40  6:42  Zergling x2  
  36  7:04  Lair  
  36  7:07  Drone x5  
  41  7:31  Drone  
  41  7:32  Drone x5  
  47  8:05  Zergling x2  
  47  8:06  Zergling x8  
  52  8:16  Zergling x2  
  52  8:17  Zergling x12  
  59  8:43  Hatchery  
Show
View Real Time Build Order
Export as new Build Order

Loken Protoss 

Build Orders:  

Get SALT Encoding   

  12  0:01  Probe (Chrono Boost)  
  13  0:12  Probe (Chrono Boost)  
  14  0:19  Pylon  
  14  0:23  Probe (Chrono Boost)  
  15  0:37  Probe (Chrono Boost)  
  15  0:39  Gateway  
  16  0:48  Probe (Chrono Boost), Assimilator  
  17  0:58  Probe (Chrono Boost)  
  18  1:04  Assimilator  
  18  1:09  Probe (Chrono Boost)  
  19  1:19  Probe (Chrono Boost)  
  20  1:26  Cybernetics Core  
  20  1:31  Gateway  
  20  1:33  Pylon  
  20  1:36  Probe (Chrono Boost)  
  21  1:45  Pylon  
  21  1:55  Probe (Chrono Boost)  
  22  2:03  Stalker, Warp Gate  
  22  2:05  Probe (Chrono Boost)  
  25  2:16  Probe (Chrono Boost)  
  25  2:18  Stalker  
  28  2:32  Stalker  
  30  2:48  Stalker  
  32  3:02  Stalker  
  34  3:14  Nexus  
  34  3:27  Stalker  
  34  3:32  Stalker  
  38  4:00  Gateway  
  38  4:01  Gateway  
  38  4:02  Pylon  
  38  4:05  Forge  
  38  4:26  Probe x2 (Chrono Boost)  
  38  4:30  Pylon  
  40  4:35  Assimilator  
  40  4:36  Stalker x2  
  40  4:37  Probe x2 (Chrono Boost)  
  39  4:47  Probe (Chrono Boost)  
  24  5:09  Probe x2 (Chrono Boost)  
  26  5:20  Probe x2 (Chrono Boost)  
  28  5:33  Photon Cannon  
  28  5:39  Probe (Chrono Boost)  
  28  5:42  Probe (Chrono Boost)  
  30  6:01  Probe (Chrono Boost)  
  30  6:03  Probe (Chrono Boost)  
  32  6:11  Probe (Chrono Boost)  
  32  6:14  Probe (Chrono Boost)  
  34  6:22  Probe (Chrono Boost)  
  35  6:33  Probe (Chrono Boost)  
  35  6:34  Probe (Chrono Boost)  
  37  6:44  Probe x2 (Chrono Boost)  
  27  6:49  Stalker x2  
  27  6:52  Stalker  
  31  6:54  Probe (Chrono Boost)  
  31  6:55  Probe (Chrono Boost)  
  33  7:05  Probe (Chrono Boost)  
  34  7:09  Stargate  
  34  7:13  Probe (Chrono Boost)  
  35  7:16  Probe (Chrono Boost)  
  36  7:23  Stalker  
  36  7:24  Probe (Chrono Boost), Stalker  
  41  7:30  Stalker  
  41  7:35  Probe (Chrono Boost)  
  45  7:37  Probe (Chrono Boost)  
  45  7:43  Stalker  
  47  7:45  Probe (Chrono Boost)  
  47  7:47  Probe (Chrono Boost)  
  49  7:54  Stalker  
  49  7:55  Stalker x2  
  56  7:58  Probe (Chrono Boost)  
  56  8:13  Probe (Chrono Boost)  
  56  8:14  Fleet Beacon  
  57  8:22  Stalker x2  
  61  8:34  Pylon  
  61  8:41  Nexus  
Show
View Real Time Build Order
Export as new Build Order

dallaskuken Protoss 

Build Orders:  

Get SALT Encoding   

  12  0:01  Probe (Chrono Boost)  
  13  0:17  Pylon  
  13  0:18  Probe (Chrono Boost)  
  14  0:29  Probe (Chrono Boost)  
  15  0:39  Gateway  
  15  0:40  Probe (Chrono Boost)  
  16  0:50  Probe (Chrono Boost)  
  16  0:56  Gateway  
  17  1:01  Probe (Chrono Boost)  
  18  1:05  Assimilator  
  18  1:13  Probe (Chrono Boost), Assimilator  
  19  1:25  Pylon  
  19  1:33  Cybernetics Core  
  19  1:37  Probe (Chrono Boost)  
  20  1:47  Probe (Chrono Boost)  
  21  1:56  Warp Gate  
  21  1:58  Probe (Chrono Boost)  
  22  2:09  Stalker x2  
  24  2:58  Stalker x2  
  24  3:14  Probe (Chrono Boost)  
  18  3:41  Probe (Chrono Boost)  
  17  3:53  Probe (Chrono Boost)  
  18  4:06  Probe (Chrono Boost)  
  20  4:18  Probe (Chrono Boost)  
  20  4:28  Zealot x2  
  20  4:30  Probe (Chrono Boost)  
  25  4:42  Probe (Chrono Boost)  
  27  4:54  Probe (Chrono Boost)  
  27  5:06  Probe (Chrono Boost)  
  28  5:09  Sentry  
  30  5:18  Probe (Chrono Boost)  
  31  5:26  Stargate  
  31  5:41  Probe (Chrono Boost)  
  31  5:42  Pylon  
  30  5:44  Pylon  
  30  5:45  Pylon  
  25  5:50  Stalker x2  
  5  6:40  Probe (Chrono Boost)  
  5  6:52  Probe (Chrono Boost)  
Tags
 
Add a new tag
Caveats
  • Supply blocks, unpowered buildings, or Contaminate may cause inaccurate times.
  • Supply counts are checked every 10 seconds.